 Dungeon Crawl Stone Soup version 0.29.1-12-g30fa7ad0bf (webtiles) character file.

Game seed: 5761389515778139646

266 hawla the Chiller (level 6, -6/45 HPs)
             Began as a Meteoran Ice Elementalist on Dec 24, 2022.
             Killed by divine providence
             ... invoked by an orc priest
              (13 damage)
             ... on level 4 of the Dungeon.
             The game lasted 00:05:22 (1096 turns).

hawla the Chiller (Meteoran Ice Elementalist)       Turns: 1096, Time: 00:05:23

Health: -6/45      AC:  3    Str: 10    XL:     6   Next: 73%
Magic:  10/12      EV: 12    Int: 19    God:
Gold:   44         SH:  0    Dex: 14    Spells: 4/12 levels left

rFire   . . .      SeeInvis .   (no weapon)
rCold   . . .      Faith    .   (no shield)
rNeg    . . .      Spirit   .   a - +0 robe
rPois   .          Reflect  .   j - +0 helmet
rElec   .          Harm     .   (no cloak)
rCorr   .          Rampage  .   (no gloves)
Will    .....                   (no boots)
Stlth   +.........              (no amulet)
HPRegen 0.15/turn               (no ring)
MPRegen 0.13/turn               (no ring)

@: glowing
A: sense surroundings 1, otherworldly, glowing, explore regen
a: no special abilities


You were on level 4 of the Dungeon.
You visited 1 branch of the dungeon, and saw 4 of its levels.

You collected 44 gold pieces.

Inventory:

Armour
 a - a +0 robe (worn)
 j - a +0 helmet (worn)
Jewellery
 e - a ring of magical power
Scrolls
 f - a scroll of poison {unknown}
 g - a scroll of acquirement {unknown}
 i - a scroll of blinking {unknown}
Potions
 d - 3 potions of curing


   Skills:
 + Level 0.1 Fighting
 + Level 2.4 Dodging
 - Level 1.4 Stealth
 + Level 3.7 Spellcasting
 + Level 5.3 Conjurations
 + Level 5.6 Ice Magic


You had 4 spell levels left.
You knew the following spells:

 Your Spells              Type           Power      Damage    Failure   Level
a - Freeze                Ice            96%        1d11      1%          1
b - Frozen Ramparts       Ice            48%        1d8       4%          3
c - Hailstorm             Conj/Ice       24%        3d7       16%         4

Your spell library contained the following spells:

 Spells                   Type           Power      Damage    Failure   Level
 Ozocubu's Armour         Ice            24%        N/A       4%          3


Dungeon Overview and Level Annotations

Branches:
Dungeon (4/15) Zot: 1303
 Temple: D:4-7

Altars:
Hepliaklqana
Ru

Annotations:
D:3 2 runed translucent doors


Innate Abilities, Weirdness & Mutations

You passively map a small area around you.
You are easily found by Zot.
You glow in the dark.
You regain HP and MP as you explore.


Message History

The orc wizard shouts!
You hear a shout!
A quokka comes into view.
The orc wizard casts a spell at you. The magic dart hits you!
An orc priest comes into view. It is wielding a +0 war axe.
The orc priest shouts!
An orc comes into view. It is wielding a +0 dagger.
Casting: Frozen Ramparts (dangerous; 4% risk of failure)
Confirm with . or Enter, or press ? or * to list all spells.
Casting: Frozen Ramparts (dangerous; 4% risk of failure)
Press: ? - help, Dir - look around, f - activate The walls around you are covered in ice.
The orc shouts!
The wall freezes the orc wizard.
An orc comes into view. It is wielding a +0 dagger.
The orc shouts!
The orc priest invokes the aid of Beogh against you.
Beogh smites you!
The wall freezes the orc wizard.
The wall freezes the quokka but does no damage.
The orc priest mumbles some strange prayers to Beogh against you.
Beogh smites you!
The wall freezes the orc wizard.
The orc wizard closely misses you.
The wall freezes the quokka.
The wall freezes the orc wizard.
The orc wizard hits you but does no damage.
The wall freezes the quokka.
You kill the quokka!
The orc priest looks braver for a moment.
The wall freezes the orc wizard but does no damage.
The orc wizard barely misses you.
The wall freezes the orc wizard.
You kill the orc wizard!
The wall freezes the orc priest.
The orc priest mumbles some strange prayers to Beogh against you.
Pain shoots through your body!
* * * LOW HITPOINT WARNING * * *
Unknown command.
The frozen ramparts melt away.
The orc priest invokes the aid of Beogh against you.
Beogh smites you!
You die...

.########### *
...........# #.#
.####.####.# #.#
..# #.# #.# #o#
..###.####.## #o#
..##...##...# #o#
............# #†#
#.##....#..># #)#
#.###†#.##.## #@#
#.# #.#.##.# #.#
#.# #.#.##.# #.#
#.# #.#.##.# ##.#
... ..#, #.# ##..#
.....##.##.###...##
#.##..............#
..#####.######...##
# ##.##


You could see an orc priest and 2 orcs.

Vanquished Creatures
  A black bear (D:4)
  An orc priest (D:4)
  2 jellies (D:4)
  An orc wizard (D:4)
  2 adders
  7 orcs
  A bat (D:3)
  5 endoplasms
  A giant cockroach (D:4)
  2 goblins
  4 jackals (D:1)
  3 kobolds
  4 quokkas
  2 ball pythons
  A frilled lizard (D:1)
  2 rats
39 creatures vanquished.

Vanquished Creatures (others)
  A plant (D:1)
1 creature vanquished.

Grand Total: 40 creatures vanquished

Notes
Turn   | Place    | Note
-------+----------+-------------------------------------------
     0 | D:1      | hawla the Meteoran Ice Elementalist began the quest for the
                  | Orb.
     0 | D:1      | Reached XP level 1. HP: 14/14 MP: 5/5
    33 | D:1      | Reached XP level 2. HP: 4/20 MP: 3/6
    58 | D:1      | Found a faded altar of an unknown god.
   356 | D:2      | Reached skill level 5 in Ice Magic
   356 | D:2      | Reached XP level 3. HP: 18/26 MP: 5/8
   360 | D:2      | Learned a level 3 spell: Frozen Ramparts
   378 | D:3      | Found a hazy altar of Hepliaklqana.
   572 | D:3      | Found a large runed translucent door.
   572 | D:3      | Found a large runed translucent door.
   615 | D:3      | Found a sacrificial altar of Ru.
   698 | D:3      | Reached XP level 4. HP: 33/33 MP: 7/10
   703 | D:3      | Learned a level 4 spell: Hailstorm
   843 | D:4      | Noticed a black bear
   853 | D:4      | Killed a black bear
   854 | D:4      | Reached XP level 5. HP: 34/38 MP: 3/11
   854 | D:4      | Reached XP level 6. HP: 40/45 MP: 3/12
   932 | D:4      | Reached skill level 5 in Conjurations
  1096 | D:4      | Killed from afar by an orc priest

Illustrated notes

Levels and vault maps discovered:
D:1:      lemuel_arrival_lava_pool, layout_basic,
          shapermc_ecumenical_altar_mp_ritualfount
D:2:      layout_loops_ring, grunt_ministairs_7
D:3:      layout_basic, mainiacjoe_overflow_paths,
          mainiacjoe_overflow_concentric_impassable, grunt_temple_overflow_open,
          nicolae_overflow_hidden_temple, jmf_multi_god_temple2
D:4:      layout_loops_ring

Skill      XL: |  1  2  3  4  5  6 |
---------------+-------------------+-----
Spellcasting   | 3 |  3.7
Ice Magic      | 5 |  5.6
Conjurations   | 4 5 |  5.3
Fighting       | |  0.1
Dodging        | |  2.4
Stealth        | |  1.4

Action                   |  1- 3 |  4- 6 || total
-------------------------+-------+-------++-------
Melee: Unarmed           |     9 |    26 ||    35
       Punch             |       |     1 ||     1
 Cast: Freeze            |    30 |    12 ||    42
       Frozen Ramparts   |       |    11 ||    11
       Hailstorm         |       |     2 ||     2
  Use: Potion            |     1 |     3 ||     4
       Scroll            |       |     2 ||     2
Armor: Robe              |    12 |     8 ||    20
Dodge: Dodged            |    31 |    23 ||    54
